 Dungeon Sprint DCSS version 0.30.1-11-g7821555f0a (webtiles) character file.

Game seed: 1881763349401134215

1993 Groucho the Unseen (level 9, -7/47 HPs)
             Began as a Spriggan Enchanter on Dec 11, 2023.
             Was a Follower of Dithmenos.
             Shot with a bolt by a yaktaur (11 damage)
             ... in the Dungeon (Sprint II: "The Violet Keep of Menkaure").
             The game lasted 00:08:05 (432 turns).

Groucho the Unseen (Spriggan Enchanter)              Turns: 432, Time: 00:08:06

Health: -7/47      AC:  6    Str:  4    XL:     9   Next: 1%
Magic:  2/17       EV: 19    Int: 20    God:    Dithmenos [*.....]
Gold:   42         SH:  0    Dex: 16    Spells: 1/18 levels left

rFire   . . .        a - +1 dagger
rCold   + . .        (no shield)
rNeg    . . .        j - +2 robe {rC+}
rPois   .            b - +2 hat
rElec   .            (no cloak)
rCorr   .            (gloves unavailable)
SInv    +            (boots unavailable)
Will    +....        (no amulet)
Stlth   +++++++      (no ring)
HPRegen 0.27/turn    (no ring)
MPRegen 0.15/turn

%: no teleportation
@: wreathed by umbra, invisible, very quick
A: very small, no large weapons, unfitting armour, see invisible, speed 3
a: Renounce Religion


You were in the Dungeon.
You worshipped Dithmenos.
Dithmenos was aware of your devotion.
You visited 1 branch You collected 972 gold pieces.
You spent 930 gold pieces at shops.

Inventory:

Hand Weapons
 a - a +1 dagger (weapon)
Armour
 b - a +2 hat (worn)
 j - a +2 robe of cold resistance (worn)
Scrolls
 i - a scroll of blinking
Potions
 c - a potion of invisibility
 f - 2 potions of flight
 g - 2 potions of magic
 h - a potion of berserk rage


   Skills:
 - Level 5.0 Fighting
 + Level 9.4 Short Blades
 - Level 5.0 Dodging
 - Level 15.0 Stealth
 - Level 5.0 Spellcasting
 - Level 14.0 Hexes
 + Level 4.5 Fire Magic
 + Level 5.0 Air Magic


You had one spell level left.
You knew the following spells:

 Your Spells              Type           Power      Damage    Failure   Level
a - Ensorcelled Hibernat  Hex/Ice        66%        N/A       1%          2
b - Confusing Touch       Hex            57%        N/A       1%          3
c - Dazzling Flash        Conj/Hex       66%        N/A       1%          3
d - Tukima's Dance        Hex            57%        N/A       1%          3
e - Plasma Beam           Fire/Air       12%        2x1d25    94%         6

Your spell library contained the following spells:

 Spells                   Type           Power      Damage    Failure   Level
 Vhi's Electric Charge    Tloc/Air       30%        N/A       12%         3
 Arcjolt                  Conj/Air       7%         1d17      75%         5


Dungeon Overview and Level Annotations

Branches:
Dungeon (1/1)

Altars:
Cheibriados
Dithmenos
Elyvilon
Fedhas
Gozag
Hepliaklqana
Kikubaaqudgha
Makhleb
Nemelex Xobeh
Okawaru
Qazlal
Ru
Sif Muna
Trog
Uskayaw
Vehumet
Wu Jian
Xom
Yredelemnul
Zin
The Shining One
Jiyva
Lugonu

Shops:
D =[:*?((*[[!=:=!

Annotations:
D exclusion: oklob plant


Innate Abilities, Weirdness & Mutations

You are very small and have problems with some larger weapons.
You are too small for most types of armour.
You have supernaturally acute eyesight. (SInv)
You cover ground extremely quickly. (Speed+++)


Message History

You hit the polar bear but do no damage.
The polar bear is moderately wounded.
The polar bear closely misses you.
The polar bear claws you but does no damage. x2
You catch the helpless polar bear completely off-guard!
You stick the polar bear like a pincushion!!!
You kill the polar bear!
Dithmenos accepts your kill.
The yaktaur shoots a bolt.
The bolt hits you!
* * * LOW HITPOINT WARNING * * *
Your Air Magic skill increases to level 5!
You have reached level 9!
Your experience leads to an increase in your attributes!
Increase (S)trength, (I)ntelligence, or (D)exterity?
You feel clever. x2
Unknown command.
Unknown command.
Okay, then.
Casting: Confusing Touch (safe; 1% risk of failure)
Confirm with . or Enter, or press ? or * to list all spells.
Aiming: Ensorcelled Hibernation (safe; 1% risk of failure)
Press: ? - help, Shift-Dir - straight line, f - you, p - yaktaur
Okay, then.
Casting: Ensorcelled Hibernation (safe; 1% risk of failure)
Confirm with . or Enter, or press ? or * to list all spells.
Casting: Dazzling Flash (safe; 1% risk of failure)
Press: ? - help, Dir - look around, f - activate The yaktaur shoots a bolt.
The bolt misses you.
Unknown command.
Unknown command.
Unknown command.
Casting: Dazzling Flash (safe; 1% risk of failure)
Confirm with . or Enter, or press ? or * to list all spells.
You don't have enough magic to cast this spell.
Casting: Dazzling Flash (safe; 1% risk of failure)
Confirm with . or Enter, or press ? or * to list all spells.
You don't have enough magic to cast this spell.
You fade into invisibility!
The yaktaur shoots a bolt.
The bolt hits you!
You die... .. #+# .. #. #.###.#### +^### .#..# ...# ...#### .#.####..## #..##$# )$?!$

#'###.##..# +..#..#▓$$!$[$
#.##.÷.#..# #..#.†#▓$!$!!?(
.<.'##.'..####.^##c#▓$!)!?$!
#†##.÷.#....###.@.##▓▓▓▓▓▓▓+
#'###.##......~~~~~~~~~~~~~
..#####~~..§..§#'########+##
.##†#~~~~§§~..§#.._.....#S~~
.#.##~~~§~~~~.§#._._....#S§≈
#'##~~~≈§≈§~§§~#_._._...#~~~
~~~~~~~~≈≈§§~~~#._._._..#~~~
+#+++#§§≈≈≈§≈≈~#_._._._.#~~§
≈≈§ ##§≈≈###≈≈#._._._._#§~§


You could see a yaktaur (unable to see you).

Vanquished Creatures
  3 polar bears (D)
  A hornet (D)
  Menkaure (D)
  4 neqoxecs (D)
  A water moccasin (D)
  4 necrophages (D)
  4 scorpions (D)
  3 worms (D)
21 creatures vanquished.

Notes
Turn   | Place    | Note
-------+----------+-------------------------------------------
     0 | D        | Groucho the Spriggan Enchanter began the quest for the Orb.
     0 | D        | Reached XP level 1. HP: 9/9 MP: 5/5
     3 | D        | Noticed a scorpion
     3 | D        | Noticed a scorpion
     3 | D        | Noticed a scorpion
     3 | D        | Noticed a scorpion
     6 | D        | Killed a scorpion
     7 | D        | Reached skill level 6 in Stealth
     7 | D        | Reached skill level 5 in Hexes
     7 | D        | Reached XP level 2. HP: 16/16 MP: 6/8
     7 | D        | Reached XP level 3. HP: 19/19 MP: 6/9
     7 | D        | Killed a scorpion
     8 | D        | Reached skill level 5 in Dodging
     8 | D        | Reached skill level 7 in Stealth
     8 | D        | Reached skill level 5 in Spellcasting
     8 | D        | Reached XP level 4. HP: 23/25 MP: 7/12
    11 | D        | Killed a scorpion
    12 | D        | Reached skill level 5 in Short Blades
    12 | D        | Reached skill level 9 in Stealth
    12 | D        | Reached XP level 5. HP: 29/30 MP: 7/13
    14 | D        | Reached skill level 5 in Fighting
    14 | D        | Reached skill level 11 in Stealth
    21 | D        | Reached skill level 13 in Stealth
    21 | D        | Reached XP level 6. HP: 35/35 MP: 7/14
    22 | D        | Reached skill level 15 in Stealth
    41 | D        | Noticed an obsidian statue
    53 | D        | Noticed a neqoxec
    56 | D        | Killed a neqoxec
    57 | D        | Reached skill level 10 in Hexes
    57 | D        | Reached XP level 7. HP: 39/39 MP: 10/15
    57 | D        | Noticed a neqoxec
    58 | D        | Killed a neqoxec
    62 | D        | Learned a level 2 spell: Ensorcelled Hibernation
    66 | D        | Learned a level 3 spell: Confusing Touch
    66 | D        | Noticed a neqoxec
    66 | D        | Noticed a neqoxec
    72 | D        | Learned a level 3 spell: Dazzling Flash
    76 | D        | Learned a level 3 spell: Tukima's Dance
    78 | D        | Killed a neqoxec
    85 | D        | Killed a neqoxec
    86 | D        | Reached XP level 8. HP: 42/43 MP: 1/16
   108 | D        | Found Fiso's Distillery.
   108 | D        | Found Pazxo's Jewellery Boutique.
   108 | D        | Found Xelissol's Distillery.
   108 | D        | Found Ararchor's Jewellery Shop.
   108 | D        | Found Jevol's Antique Armour Boutique.
   108 | D        | Found Gelyingu's Antique Armour Boutique.
   108 | D        | Found Reer's General Store.
   109 | D        | Found Olailazo's Antique Weapon Shop.
   110 | D        | Found Jiqyff's Book Boutique.
   110 | D        | Found Cyobih's Antique Weapon Shop.
   110 | D        | Found Zutast Loqiu's Magic Scroll Boutique.
   110 | D        | Noticed Menkaure
   131 | D        | Killed Menkaure
   132 | D        | Found Coyschok's General Store.
   132 | D        | Noticed a fire dragon
   132 | D        | Noticed an oklob plant
   133 | D        | Found Zilosuco's Antique Armour Shop.
   133 | D        | Found Korugh's Jewellery Boutique.
   133 | D        | Found Weuruf's Book Shoppe.
   154 | D        | Noticed an iron elemental
   160 | D        | Bought a potion of flight for 30 gold pieces
   160 | D        | Bought a potion of flight for 30 gold pieces
   162 | D        | Bought a book of Lightning for 408 gold pieces
   169 | D        | Learned a level 6 spell: Plasma Beam
   333 | D        | Bought a potion of invisibility for 96 gold pieces
   333 | D        | Bought a +2 robe of cold resistance for 212 gold pieces
   348 | D        | Bought a runed hat for 154 gold pieces
   379 | D        | Found a stormy altar of Qazlal.
   380 | D        | Found an ornate altar of the Wu Jian Council.
   381 | D        | Found a hazy altar of Hepliaklqana.
   381 | D        | Found a sacrificial altar of Ru.
   382 | D        | Found a viscous altar of Jiyva.
   382 | D        | Found a shimmering blue altar of Sif Muna.
   382 | D        | Found a shimmering altar of Xom.
   383 | D        | Found a snail-covered altar of Cheibriados.
   383 | D        | Found an ancient bone altar of Kikubaaqudgha.
   383 | D        | Found a bloodstained altar of Trog.
   384 | D        | Found a shadowy altar of Dithmenos.
   384 | D        | Found a corrupted altar of Lugonu.
   385 | D        | Found a white marble altar of Elyvilon.
   385 | D        | Found a burning altar of Makhleb.
   386 | D        | Found a blossoming altar of Fedhas.
   388 | D        | Found an opulent altar of Gozag.
   388 | D        | Found a glowing golden altar of the Shining One.
   388 | D        | Found a basalt altar of Yredelemnul.
   388 | D        | Found a hide-covered altar of Uskayaw.
   388 | D        | Found a sparkling altar of Nemelex Xobeh.
   388 | D        | Noticed a hornet
   388 | D        | Noticed a polar bear
   389 | D        | Found a glowing silver altar of Zin.
   389 | D        | Found a radiant altar of Vehumet.
   389 | D        | Found an iron altar of Okawaru.
   389 | D        | Noticed a yaktaur
   393 | D        | Became a worshipper of Dithmenos the Shadowed
   402 | D        | Noticed a polar bear
   402 | D        | Noticed a polar bear
   403 | D        | Killed a polar bear
   407 | D        | Killed a hornet
   415 | D        | Killed a polar bear
   415 | D        | Reached * piety under Dithmenos
   429 | D        | Killed a polar bear
   430 | D        | Reached skill level 5 in Air Magic
   430 | D        | Reached XP level 9. HP: 3/47 MP: 5/17
   432 | D        | Shot with a bolt by a yaktaur

Illustrated notes

Levels and vault maps discovered:
D:        the_violet_keep_of_menkaure [sprint2_stairs_cluster_1,
          sprint2_shoproom, sprint2_temple, sprint2_basic_supplies,
          sprint2_obstacle_3, sprint2_obstacle_6, sprint2_obstacle_1,
          sprint2_obstacle_7, sprint2_obstacle_5, sprint2_timed_cluster_1,
          sprint2_smallroom_cluster_1, sprint2_smallroom_final_cluster_1,
          sprint2_transparent_cluster_1, sprint2_second_timed_cluster_1,
          sprint2_sniper_area_1, sprint2_heavy_combat_area_1,
          sprint2_mutation_trap_area_1, sprint2_forest_area_1,
          sprint2_light_combat_area_1, sprint2_behind_water_1,
          sprint2_near_end_vault_1]

Skill      XL: |  1  2  3  4  5  6  7  8 |
---------------+-------------------------+-----
Fighting       | 2 3 4 5 |  5.0
Short Blades   | 3 4 5 9 |  9.4
Dodging        | 4 5 |  5.0
Stealth        | 6 7 9 13 15 | 15.0
Spellcasting   | 4 5 |  5.0
Hexes          | 5 10 14 | 14.0
Fire Magic     | 4 |  4.5
Air Magic      | 5 |  5.0

Action                     |  1- 3 |  4- 6 |  7- 9 || total
---------------------------+-------+-------+-------++-------
  Melee: Dagger            |     2 |    10 |    25 ||    37
         Punch             |       |       |     1 ||     1
   Cast: Ensorcelled Hiber |       |       |    10 ||    10
         Confusing Touch   |       |       |     4 ||     4
         Dazzling Flash    |       |       |     1 ||     1
    Use: Potion            |     2 |       |     3 ||     5
   Stab: Sleeping          |     2 |     8 |     6 ||    16
         Invisible         |       |     2 |       ||     2
         Confused          |       |       |     3 ||     3
 Armour: Robe              |       |       |     9 ||     9
  Dodge: Dodged            |       |       |    23 ||    23
